[Event "Titled Tuesday Blitz July 4 Early 2023"]
[White "Guevara Sanchez, Erick Marvin"]
[Black "Acikel, Mert"]
[WhiteFideId "6700136"]
[BlackFideId "12956465"]
[WhiteElo "2066"]
[BlackElo "2303"]
[Result "1/2-1/2"]
[Round "8"]
[TimeControl "180+2"]
[Date "2023.07.04"]
[WhiteClock "0:00:21"]
[BlackClock "0:00:15"]
[Board "171"]

1. e4 e5 2. Nf3 Nc6 3. Bc4 Bc5 4. c3 Nf6 5. d4 exd4 6. b4 Bb6 7. e5 d5 8. exf6 dxc4 9. Qe2+ Be6 10. b5 Na5 11. fxg7 Rg8 12. cxd4 Rxg7 13. Nc3 Bxd4 14. Nxd4 Qxd4 15. Bb2 Rxg2 16. Ne4 Qd3 17. Nf6+ Kf8 18. Qxd3 cxd3 19. Nxh7+ Ke7 20. Bf6+ Ke8 21. Rd1 Bf5 22. Ng5 Kf8 23. h4 Re8+ 24. Kd2 Rxf2+ 25. Kc3 Rc2+ 26. Kb4 b6 27. h5 c5+ 28. Ka3 Ree2 29. Ra1 Rb2 30. Bxb2 Nc4+ 31. Kb3 Nxb2 32. h6 c4+ 33. Kc3 Rc2+ 34. Kd4 d2 35. h7 Bxh7 36. Nxh7+ Ke7 37. Ng5 d1=Q+ 38. Raxd1 Nxd1 39. Rxd1 Rxa2 40. Kxc4 Rc2+ 41. Kb4 Rb2+ 42. Kc4 Rc2+ 43. Kb3 Rc5 44. Ne4 Rxb5+ 45. Kc4 Re5 46. Kd4 Re6 47. Ra1 a5 48. Rc1 Kd7 49. Nc3 Rc6 50. Rf1 Ke7 51. Nd5+ Ke6 52. Rf6+ Kd7 53. Rxf7+ Kd6 54. Rf6+ Kd7 55. Nxb6+ Kc7 56. Nd5+ Kb7 57. Rf7+ Ka6 58. Nc7+ Kb6 59. Nd5+ Ka6 60. Rf8 Kb5 61. Rb8+ Ka4 62. Nc3+ Ka3 63. Nb5+ Ka2 64. Nc3+ Ka3 65. Rb5 a4 66. Kd3 Rc8 67. Kc2 Rc4 68. Rb1 Rc8 69. Rb2 Rc4 70. Ra2+ Kb4 71. Rxa4+ Kc5 72. Ra5+ Kb6 73. Rh5 Rg4 74. Kb3 Kc6 75. Rh6+ Kc5 76. Na4+ Kb5 77. Rh5+ Kc6 78. Nc3 Rf4 79. Re5 Rh4 80. Re6+ Kc5 81. Re8 Rg4 82. Rc8+ Kb6 83. Nd5+ Kb5 84. Nc7+ Kc6 85. Ne8+ Kb5 86. Rb8+ Kc6 87. Nf6 Rh4 88. Ng8 Rg4 89. Ne7+ Kc5 90. Rd8 Rh4 91. Rd5+ Kb6 92. Nf5 Rf4 93. Nd4 Rh4 94. Kc4 Rg4 95. Rd6+ Kc7 96. Rd5 Kb6 97. Rb5+ Kc7 98. Rc5+ Kb6 99. Re5 Kc7 100. Kc5 Rh4 101. Re7+ Kc8 102. Re6 Kc7 103. Nb5+ Kd7 104. Re5 Rh1 105. Rd5+ Ke7 106. Nd6 Rc1+ 107. Nc4 Ke6 108. Rd6+ Ke7 109. Ra6 Kd7 110. Ra7+ Ke6 111. Ra6+ Ke7 112. Ra7+ Ke6 113. Ra6+ Ke7 114. Ra7+ Ke6 1/2-1/2


[Site "https://www.chess.com"]

[Event "Titled Tuesday Blitz July 4 Early 2023"]
[White "Vaglio Munoz, Jaime"]
[Black "Politov, Pavel Y."]
[WhiteFideId "6500145"]
[BlackFideId "24110515"]
[WhiteElo "2300"]
[BlackElo "2066"]
[Result "1-0"]
[Round "8"]
[TimeControl "180+2"]
[Date "2023.07.04"]
[WhiteClock "0:01:23"]
[BlackClock "0:00:00"]
[Board "172"]

1. e4 c5 2. a3 d6 3. b4 cxb4 4. axb4 Nf6 5. d3 g6 6. Bb2 Bg7 7. c4 O-O 8. h3 Nbd7 9. Nf3 Qb6 10. Qd2 e6 11. Be2 d5 12. c5 Qc7 13. e5 Ne8 14. d4 b6 15. O-O bxc5 16. bxc5 Bb7 17. Nc3 Bc6 18. Nb5 Qb7 19. Nd6 Nxd6 20. cxd6 Rab8 21. Bc3 Bb5 22. Rfb1 a6 23. Ra5 Qc6 24. Bb4 Rfc8 25. Bd1 Bc4 26. Rba1 Bb5 27. Kh2 Rb7 28. R5a2 Qb6 29. Ba5 Qa7 30. Bc7 Bc4 31. Rb2 Rxb2 32. Qxb2 Rxc7 33. dxc7 Qxc7 34. Rb1 h6 35. Qb7 Qxb7 36. Rxb7 Bb5 37. Be2 Bxe2 38. Rxd7 Bb5 39. Ra7 Bf8 40. Ra8 Kg7 41. h4 Be7 42. Ra7 Bb4 43. Kg3 Bc3 44. Kf4 Ba5 45. Ke3 Bb6 46. Rb7 Ba5 47. g4 1-0


[Site "https://www.chess.com"]

[Event "Titled Tuesday Blitz July 4 Early 2023"]
[White "Winkels, Marcel"]
[Black "Wang, Alexander J"]
[WhiteFideId "1003887"]
[BlackFideId "30955270"]
[WhiteElo "2064"]
[BlackElo "2293"]
[Result "0-1"]
[Round "8"]
[TimeControl "180+2"]
[Date "2023.07.04"]
[WhiteClock "0:00:00"]
[BlackClock "0:00:34"]
[Board "173"]

1. e4 c5 2. Nf3 d6 3. d4 cxd4 4. Nxd4 Nf6 5. Nc3 g6 6. Be3 Bg7 7. f3 O-O 8. Qd2 Nc6 9. O-O-O d5 10. exd5 Nxd5 11. Nxc6 bxc6 12. Bd4 Bxd4 13. Qxd4 Qb6 14. Na4 Qc7 15. Bc4 Rd8 16. Qc5 Qf4+ 17. Kb1 Bf5 18. Bxd5 cxd5 19. Nc3 Rac8 20. Qd4 Qxd4 21. Rxd4 e5 22. Rd2 d4 23. Ne4 Bxe4 24. fxe4 Rd6 25. Rf1 Kg7 26. g4 Rb6 27. g5 Rc3 28. Re2 Rh3 29. b3 a5 30. a4 d3 31. Ref2 dxc2+ 32. Kxc2 Rb7 33. Rb1 Re3 34. Rf6 Rxe4 35. Ra6 Re2+ 36. Kd3 Rxh2 37. Rxa5 Rd7+ 38. Ke3 Rh3+ 39. Kf2 Rd2+ 40. Kg1 Rg3+ 41. Kh1 Rxg5 42. Re1 Rd3 43. Kh2 Rxb3 44. Raxe5 Rxe5 45. Rxe5 Ra3 46. a5 f5 47. Rc5 Kh6 48. Kg2 Kg5 49. Rc7 h5 0-1


[Site "https://www.chess.com"]

[Event "Titled Tuesday Blitz July 4 Early 2023"]
[White "Goughfather"]
[Black "Legenia, Artem"]
[BlackFideId "14136945"]
[WhiteElo "2049"]
[BlackElo "2287"]
[Result "0-1"]
[Round "8"]
[TimeControl "180+2"]
[Date "2023.07.04"]
[WhiteClock "0:00:02"]
[BlackClock "0:00:36"]
[Board "174"]

1. d4 c5 2. d5 d6 3. Nc3 e5 4. e4 Nf6 5. Nf3 Be7 6. Be2 O-O 7. h3 b6 8. Be3 Ne8 9. Nd2 Ba6 10. Bxa6 Nxa6 11. a4 Nac7 12. Nc4 Bg5 13. Bxg5 Qxg5 14. Qg4 Qe7 15. Ne3 Nf6 16. Qg3 g6 17. f3 Kh8 18. h4 Nh5 19. Qf2 a6 20. g3 b5 21. Qg2 b4 22. Ne2 f5 23. b3 f4 24. Ng4 fxg3 25. Nxg3 Nf4 26. Qd2 h5 27. Ne3 Ne8 28. O-O-O Nf6 29. Rdf1 Rf7 30. Nc4 Raf8 31. Qd1 Qc7 32. Kb2 Nd7 33. a5 Nf6 34. Ne2 Nh7 35. Nc1 Qe7 36. Qe1 Rg8 37. Qg3 Nf8 38. Rhg1 Nd7 39. Qg5 Qxg5 40. Rxg5 Rf6 41. Nd3 Ne2 42. Rf2 Nd4 43. Ne3 Nxf3 44. Rg3 Nd4 45. Rxf6 Nxf6 46. Rg5 Nxe4 47. Rg1 Nf6 48. Nc4 Nxd5 49. Nxd6 Ne2 50. Rg2 Nef4 51. Nxf4 Nxf4 52. Rf2 Rf8 53. Ne4 Kg7 54. Rd2 Ne6 55. Ng5 Nxg5 56. hxg5 h4 57. Rd7+ Rf7 58. Rd5 h3 59. Rxe5 h2 60. Re1 Rf2 61. Rh1 Kf7 62. Kc1 Ke6 63. Kd1 Rg2 0-1


[Site "https://www.chess.com"]

[Event "Titled Tuesday Blitz July 4 Early 2023"]
[White "Kostiukov, Alexandr"]
[Black "Gyulamiryan-koryun"]
[WhiteFideId "14108100"]
[WhiteElo "2285"]
[BlackElo "1694"]
[Result "1-0"]
[Round "8"]
[TimeControl "180+2"]
[Date "2023.07.04"]
[WhiteClock "0:00:49"]
[BlackClock "0:00:00"]
[Board "175"]

1. g3 d5 2. Bg2 c5 3. d3 Nc6 4. e4 dxe4 5. dxe4 Qxd1+ 6. Kxd1 Bg4+ 7. f3 O-O-O+ 8. Nd2 Bd7 9. c3 e5 10. Ke2 Be6 11. Bh3 Bxh3 12. Nxh3 f6 13. Nc4 b5 14. Ne3 g6 15. a4 b4 16. Nd5 Bg7 17. Be3 Bf8 18. cxb4 cxb4 19. Rhc1 Kb7 20. Rxc6 Kxc6 21. Rc1+ Kd7 22. Rc7+ Ke6 23. Rxa7 Bd6 24. Bb6 Rd7 25. Ra8 h5 26. Nf2 Rdh7 27. Nd3 Ne7 28. Rxh8 Rxh8 29. N3xb4 Rb8 30. a5 Nc8 31. Na6 Rb7 32. b4 f5 33. Kd3 g5 34. Nc5+ Bxc5 35. Bxc5 Nd6 36. a6 Rb8 37. a7 Rc8 38. Nc7+ Rxc7 39. a8=Q Rd7 40. Qd5+ Ke7 41. Qxe5+ 1-0


[Site "https://www.chess.com"]

[Event "Titled Tuesday Blitz July 4 Early 2023"]
[White "Gogolev, Artem"]
[Black "campochess"]
[WhiteFideId "4116615"]
[WhiteElo "2463"]
[BlackElo "2137"]
[Result "1-0"]
[Round "8"]
[TimeControl "180+2"]
[Date "2023.07.04"]
[WhiteClock "0:00:32"]
[BlackClock "0:01:37"]
[Board "176"]

1. d4 Nf6 2. c4 c5 3. d5 b5 4. cxb5 a6 5. bxa6 g6 6. Nc3 Bxa6 7. e4 Bxf1 8. Kxf1 d6 9. g3 Bg7 10. Nf3 O-O 11. Kg2 Nbd7 12. a4 Qb6 13. Qe2 Ng4 14. Ra3 Qb7 15. Nb5 Rfb8 16. Bg5 Nb6 17. b3 Nc8 18. Rb1 e6 19. dxe6 fxe6 20. b4 cxb4 21. Rxb4 d5 22. exd5 Qxd5 23. Nc7 Qd6 24. Rxg4 Qxc7 25. Qxe6+ Kh8 26. Bf6 Ra7 27. Qe8# 1-0


[Site "https://www.chess.com"]

[Event "Titled Tuesday Blitz July 4 Early 2023"]
[White "Ivanova, Karina"]
[Black "Jaivardhan Raj"]
[WhiteFideId "24139750"]
[BlackFideId "25744437"]
[WhiteElo "2202"]
[BlackElo "2091"]
[Result "1-0"]
[Round "8"]
[TimeControl "180+2"]
[Date "2023.07.04"]
[WhiteClock "0:00:36"]
[BlackClock "0:00:00"]
[Board "177"]

1. c4 c5 2. Nf3 Nc6 3. d4 cxd4 4. Nxd4 Nf6 5. Nc3 e6 6. g3 Bb4 7. Bg2 O-O 8. O-O Qa5 9. Nb3 Qc7 10. Bg5 Be7 11. Rc1 h6 12. Bf4 e5 13. Be3 d6 14. Nd5 Qd8 15. c5 dxc5 16. Nxe7+ Nxe7 17. Qxd8 Rxd8 18. Nxc5 Rb8 19. Ne4 Nxe4 20. Bxe4 f5 21. Bg2 Nd5 22. Bxa7 Ra8 23. Rfd1 Be6 24. Rc5 Rxa7 25. Bxd5 Bxd5 26. Rcxd5 Rxd5 27. Rxd5 Rxa2 28. Rb5 Ra1+ 29. Kg2 Ra7 30. Rxe5 g6 31. Rb5 Kg7 32. Rb6 g5 33. h4 gxh4 34. gxh4 h5 35. Kg3 Kf7 36. Kf4 Ra4+ 37. Kxf5 Rxh4 38. Rxb7+ Kf8 39. f4 Rh2 40. e4 h4 41. Kf6 Kg8 42. e5 Rf2 43. f5 h3 44. Rb3 h2 45. Rg3+ Kf8 46. Rh3 Kg8 47. b4 Rb2 48. b5 Rxb5 49. Rxh2 Rb6+ 50. e6 1-0


[Site "https://www.chess.com"]

[Event "Titled Tuesday Blitz July 4 Early 2023"]
[White "Kozelov, Roman"]
[Black "Lisjak, Zlatko"]
[WhiteFideId "14133377"]
[BlackFideId "14502186"]
[WhiteElo "2337"]
[BlackElo "2118"]
[Result "0-1"]
[Round "8"]
[TimeControl "180+2"]
[Date "2023.07.04"]
[WhiteClock "0:01:30"]
[BlackClock "0:02:22"]
[Board "179"]

1. e4 d6 2. d4 Nf6 3. Nc3 c6 4. Bd3 Qb6 5. Nge2 e5 6. Be3 Qxb2 7. O-O Be7 8. f4 Nbd7 9. fxe5 dxe5 10. d5 O-O 11. Bc4 Ng4 12. Rb1 Qa3 13. Rb3 Nxe3 14. Rxa3 Nxd1 15. Rb3 Ne3 0-1


[Site "https://www.chess.com"]

[Event "Titled Tuesday Blitz July 4 Early 2023"]
[White "laimis61"]
[Black "Suduvasachmatai"]
[WhiteElo "2239"]
[BlackElo "2094"]
[Result "1-0"]
[Round "8"]
[TimeControl "180+2"]
[Date "2023.07.04"]
[WhiteClock "0:00:17"]
[BlackClock "0:00:00"]
[Board "180"]

1. e4 c5 2. Nf3 Nc6 3. d4 cxd4 4. Nxd4 e6 5. Nc3 a6 6. Be3 Bb4 7. Bd3 Nge7 8. O-O O-O 9. f4 d5 10. e5 Nxd4 11. Bxd4 Nc6 12. Ne2 Nxd4 13. Nxd4 Bc5 14. c3 Qb6 15. Kh1 g6 16. Nf3 Qxb2 17. Rc1 Bd7 18. Ng5 Be3 19. Rc2 Qb6 20. Qg4 f5 21. exf6 Rxf6 22. Qh4 h5 23. g4 Bxf4 24. Nh3 e5 25. gxh5 d4 26. Bc4+ Kf8 27. Nxf4 exf4 28. Rxf4 Qb1+ 29. Bf1 Bc6+ 30. Kg1 Rxf4 31. Qxf4+ Kg8 32. Rf2 1-0


[Site "https://www.chess.com"]

[Event "Titled Tuesday Blitz July 4 Early 2023"]
[White "Peiris, T G M"]
[Black "Singgih, Diajeng Theresa"]
[WhiteFideId "9901310"]
[BlackFideId "7104391"]
[WhiteElo "2219"]
[BlackElo "2088"]
[Result "0-1"]
[Round "8"]
[TimeControl "180+2"]
[Date "2023.07.04"]
[WhiteClock "0:00:00"]
[BlackClock "0:00:08"]
[Board "181"]

1. e4 e5 2. f4 exf4 3. Nf3 g5 4. Nc3 g4 5. Ne5 Qh4+ 6. g3 fxg3 7. Qxg4 g2+ 8. Qxh4 gxh1=Q 9. Qh5 Nh6 10. d4 d6 11. Bxh6 dxe5 12. Qxe5+ Be6 13. Qxh8 Nd7 14. O-O-O O-O-O 15. Qxh7 Qf3 16. Bxf8 Rxf8 17. Be2 Qf4+ 18. Kb1 Nf6 19. Qg7 Rg8 20. Qxg8+ Nxg8 21. Rf1 Qxh2 22. a3 Ne7 23. d5 Bh3 24. Rxf7 Ng6 25. Rh7 Ne5 26. Rh5 Qg1+ 27. Ka2 Bg4 28. Rxe5 Bxe2 29. Nxe2 Qc5 30. Nc1 Qxc2 31. Nb3 Qc4 32. Re8+ Kd7 33. Rh8 a5 34. Rh7+ Kc8 35. Rh8+ Kd7 36. Rh7+ Kd6 37. Rh6+ Ke5 38. Rh5+ Kf6 39. e5+ Kg6 40. Rh3 a4 41. d6 cxd6 42. exd6 axb3+ 43. Rxb3 Qd5 44. a4 Qxd6 45. Rb5 b6 46. b3 Kf7 47. Rf5+ Ke6 48. Rb5 Kd7 49. Kb2 Kc6 50. Ka2 Qd2+ 51. Ka3 Qc1+ 52. Ka2 Qc3 53. Ka3 Qc1+ 54. Ka2 Kc7 55. Rb4 Qd2+ 56. Ka3 Qd6 0-1


[Site "https://www.chess.com"]

[Event "Titled Tuesday Blitz July 4 Early 2023"]
[White "Cramling Bellon, Anna"]
[Black "Sariego Figueredo, Wilfredo"]
[WhiteFideId "32009232"]
[BlackFideId "3500080"]
[WhiteElo "2074"]
[BlackElo "2185"]
[Result "0-1"]
[Round "8"]
[TimeControl "180+2"]
[Date "2023.07.04"]
[WhiteClock "0:00:00"]
[BlackClock "0:00:45"]
[Board "182"]

1. d4 c5 2. d5 d6 3. c4 g6 4. Nc3 Bg7 5. e4 Nf6 6. f4 O-O 7. Nf3 Re8 8. e5 dxe5 9. fxe5 Ng4 10. Bf4 Nd7 11. Qe2 e6 12. d6 f6 13. exf6 Ngxf6 14. Nb5 e5 15. Bd2 e4 16. Ng5 h6 17. Nh3 Ne5 18. O-O-O Nd3+ 19. Kb1 Bg4 20. Qe3 Rf8 21. Bxd3 exd3 22. Rde1 a6 23. Nc7 Rc8 24. Ne6 Bxe6 25. Qxe6+ Kh7 26. Nf4 Rc6 27. Qe7 Rxd6 28. Qxb7 Rb6 29. Qe7 Qd4 30. Bc3 Qxc3 31. Qxg7+ Kxg7 32. Re7+ Kg8 33. Rg7+ Kxg7 34. Ne6+ Kg8 0-1


[Site "https://www.chess.com"]

[Event "Titled Tuesday Blitz July 4 Early 2023"]
[White "Kiseleva, Arina"]
[Black "Horokoskii"]
[WhiteFideId "4164989"]
[WhiteElo "2181"]
[BlackElo "2073"]
[Result "1-0"]
[Round "8"]
[TimeControl "180+2"]
[Date "2023.07.04"]
[WhiteClock "0:00:04"]
[BlackClock "0:00:01"]
[Board "183"]

1. d4 Nf6 2. Nf3 g6 3. Nbd2 Bg7 4. e4 d6 5. c3 O-O 6. Bd3 Nbd7 7. O-O c6 8. Re1 e5 9. a4 Qe7 10. Nf1 a5 11. h3 Nh5 12. N1h2 b6 13. Ng4 Nhf6 14. Qb3 Nxg4 15. hxg4 Rb8 16. g5 c5 17. Be3 Re8 18. Rad1 Nf8 19. Bc4 Bg4 20. dxe5 Bxe5 21. Rd2 Bg7 22. Red1 Be6 23. Bxe6 Qxe6 24. Qxe6 Rxe6 25. Rxd6 Rxe4 26. Rd8 Rxd8 27. Rxd8 Rxa4 28. Rb8 Ra1+ 29. Kh2 f6 30. gxf6 Bxf6 31. Rxb6 Kf7 32. Bxc5 Nd7 33. Rb7 Ke6 34. Be3 a4 35. Ra7 a3 36. Rxa3 Rxa3 37. bxa3 Bxc3 38. Ng5+ Kf5 39. Nxh7 Ne5 40. f3 Nf7 41. g4+ Ke5 42. Ng5 Nd6 43. a4 Ba5 44. f4+ Kf6 45. Kg3 Nc4 46. Ne4+ Kf7 47. Bd4 Nd2 48. Nxd2 Bxd2 49. Bb6 g5 50. a5 gxf4+ 51. Kf3 Ke6 52. a6 Kd7 53. a7 1-0


[Site "https://www.chess.com"]

[Event "Titled Tuesday Blitz July 4 Early 2023"]
[White "Vila Dupla, Aurelio"]
[Black "Semenova, Alina"]
[WhiteFideId "2203383"]
[BlackFideId "24113875"]
[WhiteElo "2166"]
[BlackElo "2058"]
[Result "1-0"]
[Round "8"]
[TimeControl "180+2"]
[Date "2023.07.04"]
[WhiteClock "0:00:21"]
[BlackClock "0:00:00"]
[Board "184"]

1. Nf3 Nf6 2. d4 g6 3. g3 d6 4. Bg2 Bg7 5. O-O O-O 6. c4 Bf5 7. Nc3 Nc6 8. d5 Nb4 9. Nd4 Nd7 10. Nxf5 gxf5 11. Bd2 Ne5 12. Qb3 Na6 13. Nb5 Nc5 14. Qc2 a6 15. Na3 e6 16. Rab1 a5 17. Rfd1 Ng4 18. Bc3 Qg5 19. Nb5 Rac8 20. Bxa5 Ne4 21. Bxe4 fxe4 22. Qxe4 f5 23. Qxe6+ Kh8 24. h3 Rce8 25. Nxc7 Rxe6 26. Nxe6 Qh5 27. hxg4 fxg4 28. Nxf8 Bxf8 29. Bc3+ Bg7 30. Bxg7+ Kxg7 31. b4 Qf5 32. Rbc1 h5 33. c5 dxc5 34. bxc5 h4 35. Rc3 h3 36. Re3 1-0


[Site "https://www.chess.com"]

[Event "Titled Tuesday Blitz July 4 Early 2023"]
[White "Blackwhite017"]
[Black "Hartikainen, Jarmo"]
[BlackFideId "503134"]
[WhiteElo "2051"]
[BlackElo "2147"]
[Result "0-1"]
[Round "8"]
[TimeControl "180+2"]
[Date "2023.07.04"]
[WhiteClock "0:00:01"]
[BlackClock "0:00:06"]
[Board "185"]

1. e4 c5 2. Nf3 Nc6 3. d4 cxd4 4. Nxd4 Nf6 5. Nc3 d6 6. Bg5 Bd7 7. f4 a6 8. Qd2 Qc7 9. O-O-O e6 10. Bxf6 gxf6 11. f5 h5 12. Kb1 Ne5 13. Nf3 b5 14. Nxe5 dxe5 15. Be2 Bb4 16. Nd5 exd5 17. Qxb4 Rc8 18. Rd2 d4 19. Rhd1 Bc6 20. Bf3 Qe7 21. Qa5 Bb7 22. a4 bxa4 23. Qxa4+ Kf8 24. Rd3 Qc5 25. Rc1 Bc6 26. Qxa6 Bb5 27. Qa3 Bxd3 28. Qxc5+ Rxc5 29. cxd3 Rb5 30. Rc6 Kg7 31. Bd1 h4 32. h3 Kh6 33. Ba4 Rb4 34. b3 Kg5 35. Kc2 Kf4 36. Rxf6 Rg8 37. Rxf7 Rxg2+ 38. Kd1 Rg1+ 39. Ke2 Rg2+ 40. Kf1 Rh2 41. Rh7 Rb7 42. Rxb7 Kf3 43. Rg7 Rd2 44. f6 Rd1# 0-1


[Site "https://www.chess.com"]

[Event "Titled Tuesday Blitz July 4 Early 2023"]
[White "BebeBonito2022"]
[Black "Vargas, Mauricio"]
[BlackFideId "4404572"]
[WhiteElo "2138"]
[BlackElo "1878"]
[Result "1-0"]
[Round "8"]
[TimeControl "180+2"]
[Date "2023.07.04"]
[WhiteClock "0:00:10"]
[BlackClock "0:00:08"]
[Board "186"]

1. d4 d5 2. c4 c6 3. Nc3 e6 4. e3 Nf6 5. Nf3 Nbd7 6. Qc2 Bd6 7. b3 O-O 8. Bb2 Nh5 9. Bd3 f5 10. O-O-O a6 11. g4 Nhf6 12. gxf5 e5 13. dxe5 Nxe5 14. Nxe5 Bxe5 15. f4 Bc7 16. Rhg1 Kh8 17. cxd5 cxd5 18. Bc4 dxc4 19. Rxd8 Rxd8 20. bxc4 Bb6 21. Rxg7 Bxe3+ 22. Kb1 Kxg7 23. Nd5 Rf8 24. Qc3 Bxf5+ 25. Ka1 Bxf4 26. Nxf4 Rae8 27. Nh5+ Kg8 28. Nxf6+ Rxf6 29. Qxf6 Re1+ 30. Bc1 Rxc1+ 31. Kb2 Rb1+ 32. Kc3 Bg6 33. Qd8+ Kg7 34. Qc7+ Kh6 35. h4 Rc1+ 36. Kd4 Rd1+ 37. Kc5 Rb1 38. Qf4+ Kg7 39. Qg5 b6+ 40. Kc6 Rb5 41. cxb5 axb5 42. Kxb5 Kf7 43. h5 Kg7 44. hxg6 hxg6 45. Kxb6 Kf7 46. a4 Kg7 47. a5 Kh8 48. a6 Kh7 49. a7 Kh8 50. a8=Q+ Kh7 51. Qa7+ Kg8 52. Qd8# 1-0


[Site "https://www.chess.com"]

[Event "Titled Tuesday Blitz July 4 Early 2023"]
[White "Lohani, Sujana"]
[Black "Ho, In Hei Henry"]
[WhiteFideId "12311987"]
[BlackFideId "6002552"]
[WhiteElo "1924"]
[BlackElo "2059"]
[Result "0-1"]
[Round "8"]
[TimeControl "180+2"]
[Date "2023.07.04"]
[WhiteClock "0:00:00"]
[BlackClock "0:01:15"]
[Board "187"]

1. d4 d5 2. Nf3 Nf6 3. c4 c6 4. e3 e6 5. Nc3 Bd6 6. Qc2 O-O 7. h3 Re8 8. Bd2 Nbd7 9. O-O-O Rb8 10. g4 b5 11. cxd5 cxd5 12. Bxb5 Qb6 13. Bd3 e5 14. g5 e4 15. gxf6 exd3 16. Qb1 Nxf6 17. Be1 Bb4 18. Rxd3 Bf5 19. Rg1 Rec8 20. Ne5 Bxc3 21. Bxc3 Bxd3 22. Nxd3 Rxc3+ 23. Kd2 Ne4+ 24. Ke2 Qb5 25. Rd1 Qc4 26. bxc3 Rxb1 27. Rxb1 Nxc3+ 0-1


[Site "https://www.chess.com"]

[Event "Titled Tuesday Blitz July 4 Early 2023"]
[White "HeinichessPY"]
[Black "Vazquez Espino, Uriel"]
[BlackFideId "5119138"]
[WhiteElo "2132"]
[BlackElo "2336"]
[Result "0-1"]
[Round "8"]
[TimeControl "180+2"]
[Date "2023.07.04"]
[WhiteClock "0:00:00"]
[BlackClock "0:00:25"]
[Board "188"]

1. e4 c5 2. Nf3 e6 3. d4 cxd4 4. Nxd4 Nc6 5. Nc3 Qc7 6. Nxc6 bxc6 7. Bd3 d5 8. O-O Nf6 9. Qe2 Be7 10. Bg5 O-O 11. e5 Ne8 12. Qh5 g6 13. Qh6 Bxg5 14. Qxg5 c5 15. Rae1 c4 16. Be2 Rb8 17. Bd1 Rxb2 18. Ne2 f6 19. exf6 Nxf6 20. Nd4 Ne4 21. Qc1 Rb6 22. Bf3 Nc5 23. Qg5 Qf4 24. Qxf4 Rxf4 25. c3 Na4 26. Re3 Nxc3 27. Nxe6 Bxe6 28. Rxc3 d4 29. Rcc1 c3 30. Rfe1 Bf7 31. Re4 Rxe4 32. Bxe4 Rb2 33. Bd3 Bxa2 34. Re1 Kf7 35. f3 Rd2 36. Be4 d3 37. Ra1 c2 0-1


[Site "https://www.chess.com"]

[Event "Titled Tuesday Blitz July 4 Early 2023"]
[White "Alice, Mateus Felizardo Viageiro"]
[Black "NtcPou"]
[WhiteFideId "14800047"]
[WhiteElo "2228"]
[BlackElo "2028"]
[Result "1-0"]
[Round "8"]
[TimeControl "180+2"]
[Date "2023.07.04"]
[WhiteClock "0:01:08"]
[BlackClock "0:00:09"]
[Board "189"]

1. e4 c6 2. d4 d5 3. Nc3 dxe4 4. Nxe4 Bf5 5. Ng3 Bg6 6. Nf3 Nd7 7. h4 h6 8. h5 Bh7 9. Bd3 Bxd3 10. Qxd3 e6 11. Bd2 Ngf6 12. O-O-O Be7 13. c4 b5 14. cxb5 cxb5 15. Qxb5 O-O 16. Kb1 Rb8 17. Qe2 Qb6 18. Be1 Nd5 19. Ka1 Bb4 20. Ne4 Rfc8 21. g3 Bxe1 22. Rhxe1 Nb4 23. Rc1 Qa5 24. a3 Qa4 25. Nc5 Nxc5 26. dxc5 Nd5 27. Qc4 Rb4 28. Qa2 Rb3 29. Ne5 Rcb8 30. Nc4 Nc7 31. Re3 Rxe3 32. fxe3 Qb5 33. Nd6 Qe2 34. e4 Qxh5 35. Qc4 Qh2 36. Qc3 Qf2 37. c6 a5 38. Nb7 a4 39. Qe5 Qb6 40. g4 Rf8 41. g5 hxg5 42. Qxg5 f6 43. Qg6 Rf7 44. Nd6 Re7 45. Nc8 Qe3 46. Nxe7+ Kf8 47. Rd1 Kxe7 48. Rd7+ 1-0


[Site "https://www.chess.com"]

[Event "Titled Tuesday Blitz July 4 Early 2023"]
[White "Matlakov, Maxim"]
[Black "Sarana, Alexey"]
[WhiteFideId "4168003"]
[BlackFideId "24133795"]
[WhiteElo "2946"]
[BlackElo "3067"]
[Result "1/2-1/2"]
[Round "9"]
[TimeControl "180+2"]
[Date "2023.07.04"]
[WhiteClock "0:00:15"]
[BlackClock "0:00:04"]
[Board "1"]

1. e4 c5 2. Nf3 d6 3. Bb5+ Bd7 4. Bxd7+ Nxd7 5. c3 Ngf6 6. Qe2 e6 7. d4 Be7 8. e5 Nd5 9. c4 Nb4 10. exd6 Bxd6 11. a3 Na6 12. O-O O-O 13. Rd1 Qe7 14. Nc3 Rfe8 15. Nb5 cxd4 16. Nxd6 Qxd6 17. Nxd4 Qe7 18. b4 Nc7 19. Bb2 Nb6 20. Rac1 f6 21. Rd2 Qf7 22. h3 Rad8 23. Nb3 e5 24. Na5 Ne6 25. Rcd1 Nf4 26. Qe4 Rxd2 27. Rxd2 h5 28. h4 f5 29. Qxb7 Qxb7 30. Nxb7 Nxc4 31. Rc2 Nxb2 32. Rxb2 Rc8 33. Nc5 Rd8 34. g3 Rd1+ 35. Kh2 Nd5 36. Rc2 Nf6 37. Kg2 e4 38. Ne6 Ng4 39. Nf4 Ra1 40. Nxh5 Rxa3 41. Nf4 Kf7 42. Nd5 Ra4 43. Rc7+ Kf8 44. Nf4 Ra2 45. Ne6+ Kg8 46. Rxg7+ Kh8 47. Re7 Rxf2+ 48. Kg1 e3 49. Nf4 Rf3 50. Kg2 Rf2+ 51. Kg1 Rf3 52. Kg2 Rf2+ 53. Kg1 1/2-1/2


[Site "https://www.chess.com"]

[Event "Titled Tuesday Blitz July 4 Early 2023"]
[White "Harshavardhan G B"]
[Black "Martinez Alcantara, Jose Eduardo"]
[WhiteFideId "25059009"]
[BlackFideId "3805662"]
[WhiteElo "2859"]
[BlackElo "3038"]
[Result "1-0"]
[Round "9"]
[TimeControl "180+2"]
[Date "2023.07.04"]
[WhiteClock "0:00:49"]
[BlackClock "0:00:18"]
[Board "3"]

1. d4 Nf6 2. c4 e6 3. Nc3 Bb4 4. f3 c5 5. d5 d6 6. e4 a6 7. Bd3 Nbd7 8. Ne2 O-O 9. O-O Re8 10. Ng3 Ne5 11. Be2 exd5 12. cxd5 Ng6 13. Kh1 Bd7 14. a4 Rc8 15. Be3 c4 16. Qd2 h6 17. Bd4 b5 18. axb5 axb5 19. Ra7 Ne5 20. f4 Ng6 21. Bxf6 Qxf6 22. Rxd7 Rcd8 23. Nh5 Qh4 24. Qd4 Ne5 25. Rxd8 Qxd8 26. fxe5 Rxe5 27. Qf2 f6 28. Nxb5 Bc5 29. Qg3 Rg5 30. Qh3 Kh7 31. Bxc4 Qa5 32. Bd3 Kh8 33. Qc8+ Kh7 34. e5+ f5 35. Bxf5+ Rxf5 36. Qxf5+ Kh8 37. Qf8+ Kh7 38. Qxg7# 1-0


[Site "https://www.chess.com"]

[Event "Titled Tuesday Blitz July 4 Early 2023"]
[White "Deac, Bogdan-Daniel"]
[Black "Vokhidov, Shamsiddin"]
[WhiteFideId "1226380"]
[BlackFideId "14204223"]
[WhiteElo "3014"]
[BlackElo "2926"]
[Result "0-1"]
[Round "9"]
[TimeControl "180+2"]
[Date "2023.07.04"]
[WhiteClock "0:00:03"]
[BlackClock "0:00:10"]
[Board "4"]

1. b3 d5 2. Bb2 Bf5 3. e3 e6 4. c4 Nf6 5. cxd5 exd5 6. Qf3 Be4 7. Bxf6 gxf6 8. Qe2 c6 9. Nf3 Nd7 10. Nc3 Bg6 11. e4 Ba3 12. exd5+ Kf8 13. dxc6 bxc6 14. Qe3 Bb2 15. Rd1 Bc2 16. Qh6+ Kg8 17. Be2 Qe7 18. O-O Bxc3 19. dxc3 Bxd1 20. Bxd1 Ne5 21. Nd4 Ng6 22. Nf5 Qf8 23. Qh5 Re8 24. Bf3 Re5 25. Rd1 Qc8 26. Bg4 Qe8 27. Kf1 Ne7 28. g3 Qf8 29. Rd7 Nxf5 30. Bxf5 Qe8 31. Qg4+ Kf8 32. Rxa7 h5 33. Qf4 h4 34. Kg2 Re2 35. gxh4 Rg8+ 36. Kf3 Re1 37. Qh6+ Rg7 38. Qh8+ Rg8 39. Qh6+ Rg7 40. Qh8+ Rg8 41. Qxf6 Qe2+ 0-1


[Site "https://www.chess.com"]

[Event "Titled Tuesday Blitz July 4 Early 2023"]
[White "Nihal Sarin"]
[Black "Svane, Rasmus"]
[WhiteFideId "25092340"]
[BlackFideId "4657101"]
[WhiteElo "3122"]
[BlackElo "2924"]
[Result "1/2-1/2"]
[Round "9"]
[TimeControl "180+2"]
[Date "2023.07.04"]
[WhiteClock "0:01:03"]
[BlackClock "0:01:04"]
[Board "5"]

1. Nf3 d5 2. e3 Nf6 3. b3 Bg4 4. h3 Bxf3 5. Qxf3 e5 6. Bb2 Bd6 7. c4 c6 8. cxd5 cxd5 9. Nc3 e4 10. Qe2 Nc6 11. d4 O-O 12. g3 Rc8 13. Bg2 Nb4 14. O-O Nd3 15. Nxd5 Nxd5 16. Bxe4 N3b4 17. a3 f5 18. Bf3 Rc2 19. Bxd5+ Kh8 20. Qd1 Rxb2 21. axb4 Bxg3 22. fxg3 Qxd5 23. Qf3 Qxf3 24. Rxf3 Rxb3 25. Rxa7 Rxb4 26. Rxf5 Rb1+ 27. Kg2 Rb2+ 28. Kg1 Rb1+ 29. Kg2 Rb2+ 30. Kg1 Rb1+ 1/2-1/2


[Site "https://www.chess.com"]